 Dungeon Crawl Stone Soup version 0.29-a0-620-g13ace881f2 (webtiles) character file.

Game seed: 17520194390331819324

32403 Zonian the Covert (level 13, -15/82 HPs)
             Began as a Vine Stalker Ice Elementalist on June 18, 2022.
             Was the Champion of Ru.
             Demolished by a cane toad (20 damage)
             ... on level 6 of the Lair of Beasts.
             The game lasted 00:53:56 (22251 turns).

Zonian the Covert (Vine Stalker Ice Elementalist)  Turns: 22251, Time: 00:53:57

Health: -15/82     AC:  6    Str: 18    XL:     13   Next: 64%
Magic:  0/36       EV: 10    Int: 15    God:    Ru [******]
Gold:   591        SH: 12    Dex: 15    Spells: 16/30 levels left

rFire   . . .      SeeInvis .   Z - +8 whip "Snakebite" {venom, curare, rPois}
rCold   . . .      Faith    .   y - +2 buckler
rNeg    . . .      Spirit   +   V - +0 leather armour {Will+}
rPois   +          Reflect  +   (no helmet)
rElec   .          Harm     .   (no cloak)
rCorr   .          Rampage  .   o - +1 Delatra's gloves {ID++}
Will    ++...                   i - +0 pair of boots
Stlth   ..........              H - amulet of reflection
HPRegen 1.03/turn               p - ring of magical power
MPRegen 0.25/turn               n - +6 ring of strength

@: berserking (expiring), very quick
A: fangs 3, clumsy 1, dopey 1, regeneration 1, magic shield, antimagic bite, no
potion heal 2, inability to use devices, inability to train armour, reduced EV
1, hooves 1
a: Renounce Religion, Draw Out Power, Power Leap, Apocalypse


You were on level 6 of the Lair of Beasts.
You worshipped Ru.
Ru was exalted by your worship.
You visited 2 branches of the dungeon, and saw 17 of its levels.

You collected 1102 gold pieces.
You spent 511 gold pieces at shops.

Inventory:

Hand Weapons
 k - a +1 flail of venom
 v - a +2 dagger of protection
 G - a +2 long sword of draining
 J - a +8 spear of flaming
 K - a +2 whip of freezing
 N - a +5 halberd of freezing
 O - a +1 whip of electrocution
 S - a +2 dagger of distortion
 Z - the +8 whip "Snakebite" (weapon) {venom, curare, rPois}
   (You found it on level 2 of the Lair of Beasts)

   It poisons the flesh of those it strikes.
   It occasionally inflicts asphyxiating poison on those it strikes, dealing
   poison damage and causing slowness.
   rPois:     It protects you from poison.
Missiles
 A - 15 poisoned darts
 B - 6 atropa-tipped darts
 R - 2 curare-tipped darts
Armour
 a - a +0 robe
 i - a +0 pair of boots (worn)
 o - the +1 Delatra's gloves (worn) {ID++}
   (You found it on level 2 of the Dungeon)

   It heals its wearer when they drink unknown potions.
   It restores its wearer's MP when they read unknown scrolls.
 y - a +2 buckler (worn)
 E - a +2 robe of fire resistance
 P - a +1 pair of gloves
 V - a +0 leather armour of willpower (worn)
Jewellery
 f - a ring of willpower
 g - a ring of protection from fire
 n - a +6 ring of strength (right hand)
 p - a ring of magical power (left hand)
 w - a ring of resist corrosion
 H - an amulet of reflection (around neck)
Wands
 r - a wand of iceblast (11)
Scrolls
 c - a scroll of torment {unknown}
 e - 5 scrolls of poison
 h - 5 scrolls of blinking
 t - 11 scrolls of identify
 x - 3 scrolls of amnesia {unknown}
 C - a scroll of fear {unknown}
 F - 2 scrolls of enchant armour {unknown}
 I - 4 scrolls of acquirement {unknown}
 L - a scroll of magic mapping {unknown}
 T - a scroll of vulnerability {unknown}
 U - 2 scrolls of fog
 W - a scroll of brand weapon {unknown}
 X - 3 scrolls of teleportation
Potions
 b - a potion of magic
 j - 4 potions of ambrosia
 l - 3 potions of mutation
 m - a potion of brilliance
 q - 7 potions of curing
 s - 4 potions of heal wounds
 u - 5 potions of might
 D - 6 potions of lignification
 M - 4 potions of berserk rage
 Q - 2 potions of haste {unknown}
 Y - 2 potions of cancellation {unknown}


   Skills:
 - Level 2.7 Short Blades
 * Level 5.5 Maces & Flails
 - Level 4.6 Polearms
 + Level 8.4 Dodging
 + Level 12.8 Stealth
 - Level 4.0 Shields
 - Level 9.0 Spellcasting
 + Level 6.9 Conjurations
 - Level 9.7 Ice Magic
 + Level 4.0 Air Magic
 + Level 5.7 Poison Magic
   Level 0.0 Evocations


You had 16 spell levels left.
You knew the following spells:

 Your Spells              Type           Power      Damage    Failure   Level
a - Freeze                Ice            100%       1d11      1%          1
b - Frozen Ramparts       Ice            70%        1d9       1%          3
c - Ozocubu's Armour      Ice            35%        N/A       1%          3
d - Hailstorm             Conj/Ice       31%        3d8       5%          4
e - Mephitic Cloud        Conj/Pois/Air  23%        N/A       4%          3

Your spell library contained the following spells:

 Spells                   Type           Power      Damage    Failure   Level
 Magic Dart               Conj           100%       1d8       1%          1
 Ensorcelled Hibernation  Hex/Ice        42%        N/A       3%          2
 Poisonous Vapours        Pois/Air       42%        N/A       3%          2
 Sting                    Tmut/Pois      60%        1d6       5%          1
 Dazzling Flash           Conj/Hex       34%        N/A       12%         3
 Olgreb's Toxic Radiance  Pois           23%        N/A       16%         4
 Slow                     Hex            24%        N/A       17%         1
 Ignite Poison            Fire/Tmut/Pois 12%        N/A       22%         3
 Call Imp                 Summ           6%         N/A       26%         2
 Sublimation of Blood     Necr           6%         N/A       26%         2
 Wereblood                Tmut           6%         N/A       26%         2
 Freezing Cloud           Conj/Ice/Air   13%        6-21      28%         5
 Call Canine Familiar     Summ           6%         N/A       45%         3
 Confusing Touch          Hex            6%         N/A       45%         3
 Inner Flame              Hex/Fire       6%         N/A       45%         3
 Portal Projectile        Hex/Tloc       12%        N/A       45%         3
 Vampiric Draining        Necr           6%         2d6       45%         3
 Fireball                 Conj/Fire      8%         3d6       75%         5
 Cause Fear               Hex            3%         N/A       86%         4
 Leda's Liquefaction      Hex/Erth       3%         N/A       86%         4
 Silence                  Hex/Air        6%         N/A       90%         5
 Agony                    Necr           6%         N/A       99%         5
 Starburst                Conj/Fire      8%         6d4       99%         6
 Summon Hydra             Summ           3%         N/A       100%        7
 Discord                  Hex            3%         N/A       100%        8
 Ignition                 Fire           3%         3d4       100%        8


Dungeon Overview and Level Annotations

Branches:
Dungeon (11/15)            Temple (0/1) D:5            Lair (6/6) D:11
  Swamp (0/4) Lair:3        Snake (0/4) Lair:2        Slime (0/5) Lair:5
    Orc (0/2) D:9

Altars:
Elyvilon
Fedhas
Gozag
Hepliaklqana
Kikubaaqudgha
Ru
Trog
Uskayaw
Xom
Yredelemnul
Zin
The Shining One
Beogh

Shops:
D:2 !   D:3 ??[   D:6 !

Annotations:
D:3 1 runed translucent door, Crazy Yiuf
D:5 1 runed translucent door, gimp's ghost, novice GnWn
D:8 1 runed translucent door
D:10 2 transporters, om's ghost, novice MiFi


Innate Abilities, Weirdness & Mutations

You have razor-sharp teeth.
You are clumsy. (Dex -2)
You are dopey. (Int -2)
Your natural rate of healing is unusually fast.
When hurt, damage is shared between your health and your magic reserves.
Your bite disrupts and absorbs the magic of your enemies.
Potions cannot restore your health.
You cannot study or use magical devices.
You cannot train Armour skill.
You have somewhat slow reflexes. (EV -5)
You have large cloven feet.


Message History

You whack the rime drake!
You kill the rime drake!
The wall freezes the black mamba.
The dream sheep is stunned by your conviction and fails to attack.
The wall freezes the cane toad!
You block the cane toad's attack.
Unknown command.
You whack the hornet!
The hornet is poisoned.
The hornet is moderately wounded.
You feel sick.
Unknown command.
You closely miss the hornet. Your bite misses the hornet.
The hornet is moderately wounded.
The frozen ramparts melt away.
You block the hornet's attack. You block the cane toad's attack.
Unknown command.
You barely miss the hornet. You bite the hornet! You drain its power.
You feel invigorated.
The hornet is heavily wounded.
You feel sick.
You are no longer poisoned.
The hornet stings you.
* * * LOW HITPOINT WARNING * * *
The dream sheep closely misses you.
You thrash the hornet!!
You kill the hornet!
The cane toad stings you but does no damage.
The black mamba bites you!
* * * LOW HITPOINT WARNING * * *
Unknown command.
You barely miss the black mamba. Your bite misses the black mamba.
The black mamba is lightly wounded.
The dream sheep bites you.
* * * LOW HITPOINT WARNING * * *
The black mamba bites you.
* * * LOW HITPOINT WARNING * * *
Unknown command.
You closely miss the black mamba. Your bite misses the black mamba.
The black mamba is lightly wounded.
You block the black mamba's attack. The cane toad stings you!!
You die...

#.. ##..# .##
#.... ..##
##....# ...##
#...... ....#
#......##....##.
........#.P..P.#
P.....YF#†P.....
......SS@<...#
.......YY...##
.......Y.......#
..............##
...............#
.......P..P..#.#
.............# #
.....#..#..^##
...#### ...P


You could see a black mamba, a cane toad (slow), a water moccasin and 4 dream
sheep.

Vanquished Creatures
  3 hydras
  3 death yaks (D:11)
  Sonja (D:10)
  2 lindwurms
  2 wolf spiders (Lair:2)
  5 elephants (Lair:3)
  7 black mambas
  5 cane toads
  3 rime drakes
  6 komodo dragons
  A troll (D:9)
  A polar bear (Lair:3)
  3 hornets
  Grinder (D:4)
  A dream sheep (Lair:6)
  7 blink frogs
  2 shadows (D:10)
  36 yaks
  A wraith (D:9)
  3 basilisks
  4 wyverns
  A steam dragon (Lair:3)
  4 vampire mosquitoes (Lair:3)
  3 nagas (Lair:2)
  Duvessa (D:7)
  An acid dragon (D:8)
  14 water moccasins
  An ice beast (D:5)
  4 black bears
  7 orc warriors (D:9)
  3 centaurs
  28 wolves
  A kobold brigand (D:9)
  2 phantoms
  15 bullfrogs
  A gnoll sergeant (D:7)
  A necrophage (D:5)
  2 scorpions
  4 wights (D:8)
  Dowan (D:7)
  2 howler monkeys
  A hound (D:7)
  5 jellies
  7 orc priests
  Terence (D:3)
  2 iguanas
  9 orc wizards
  8 gnolls
  10 adders
  2 shadow imps
  An ufetubus (D:5)
  A worm (D:5)
  2 dart slugs
  38 orcs
  8 ball pythons
  4 bats
  10 endoplasms
  3 giant cockroaches
  7 hobgoblins
  12 jackals
  10 kobolds
  10 quokkas
  5 frilled lizards
  4 goblins
  21 rats
374 creatures vanquished.

Vanquished Creatures (collateral kills)
  A hydra (Lair:3)
  4 yaks (Lair:3)
5 creatures vanquished.

Vanquished Creatures (others)
  Sigmund (D:6)
  A yak (D:11)
  An orc (D:7)
  A kobold (D:9)
  22 fungi
  24 plants
50 creatures vanquished.

Grand Total: 429 creatures vanquished

Notes
Turn   | Place    | Note
-------+----------+-------------------------------------------
     0 | D:1      | Zonian the Vine Stalker Ice Elementalist began the quest
                  | for the Orb.
     0 | D:1      | Reached XP level 1. HP: 9/9 MP: 4/4
   386 | D:1      | Reached XP level 2. HP: 13/13 MP: 0/6
  1463 | D:1      | Reached skill level 3 in Stealth
  1472 | D:1      | Reached XP level 3. HP: 10/16 MP: 5/7
  2396 | D:2      | Found Siusomo's Distillery.
  2949 | D:2      | Gained mutation: Your natural rate of healing is unusually
                  | fast. [Vine Stalker growth]
  2949 | D:2      | Reached XP level 4. HP: 21/21 MP: 9/9
  3482 | D:2      | Found the +1 Delatra's gloves {ID++}
  3742 | D:3      | Found Iddy's Magic Scroll Boutique.
  3757 | D:3      | Bought a scroll of teleportation for 42 gold pieces
  3761 | D:3      | Noticed Terence
  3931 | D:3      | Killed Terence
  4191 | D:3      | Found Sisimunooh's Armour Boutique.
  4209 | D:3      | Found a faded altar of an unknown god.
  4226 | D:3      | Reached XP level 5. HP: 24/24 MP: 8/10
  4230 | D:3      | Prayed at the altar of an unknown god.
  4230 | D:3      | Became a worshipper of Ru the Awakened
  4232 | D:3      | Gained mutation: You cannot study or use magical devices.
                  | [Ru sacrifice]
  4232 | D:3      | Reached * piety under Ru
  4232 | D:3      | Reached ** piety under Ru
  4285 | D:3      | Found a runed translucent door.
  4286 | D:3      | Noticed Crazy Yiuf
  4314 | D:3      | Found a sacrificial altar of Ru.
  4335 | D:3      | Reached skill level 4 in Stealth
  4383 | D:3      | Found Tyach's Magic Scroll Boutique.
  4593 | D:3      | Found an opulent altar of Gozag.
  4613 | D:3      | Found a glowing silver altar of Zin.
  4613 | D:3      | Found a glowing golden altar of the Shining One.
  5041 | D:4      | Noticed Grinder
  5154 | D:4      | Killed Grinder
  5155 | D:4      | Reached skill level 5 in Ice Magic
  5155 | D:4      | Reached XP level 6. HP: 15/28 MP: 12/12
  5557 | D:4      | Reached skill level 5 in Stealth
  5764 | D:4      | Reached XP level 7. HP: 22/32 MP: 9/14
  6139 | D:4      | Learned a level 3 spell: Frozen Ramparts
  6143 | D:4      | Learned a level 3 spell: Ozocubu's Armour
  6158 | D:5      | Entered Level 5 of the Dungeon
  6870 | D:5      | Found a runed translucent door.
  6875 | D:5      | Noticed gimp's ghost (novice GnWn)
  6950 | D:5      | Noticed a two-headed ogre
  6985 | D:5      | Found a bloodstained altar of Trog.
  7001 | D:5      | Reached skill level 6 in Stealth
  7088 | D:5      | Reached skill level 1 in Short Blades
  7088 | D:5      | Gained mutation: You have razor-sharp teeth. [Vine Stalker
                  | growth]
  7088 | D:5      | Reached XP level 8. HP: 26/36 MP: 13/16
  7160 | D:5      | Found a staircase to the Ecumenical Temple.
  7249 | D:5      | Gained mutation: You have somewhat slow reflexes. (EV -5)
                  | [Ru sacrifice]
  7249 | D:5      | Reached *** piety under Ru
  7879 | D:6      | Reached skill level 5 in Spellcasting
  7883 | D:6      | Reached skill level 1 in Shields
  8216 | D:6      | Noticed Sigmund
  8234 | D:6      | Killed Sigmund
  8235 | D:6      | Reached skill level 7 in Stealth
  8235 | D:6      | Found a white marble altar of Elyvilon.
  8353 | D:6      | Found Jerhu's Distillery.
  8610 | D:7      | Noticed Duvessa
  8610 | D:7      | Noticed Dowan
  8616 | D:7      | Killed Dowan
  8627 | D:7      | Gained mutation: You are agile. (Dex +4, Int/Str-1) [potion
                  | of mutation]
  8627 | D:7      | Gained mutation: You have large cloven feet. [potion of
                  | mutation]
  8635 | D:7      | Killed Duvessa
  8636 | D:7      | Reached XP level 9. HP: 19/39 MP: 10/18
  9057 | D:7      | Found an ancient bone altar of Kikubaaqudgha.
  9357 | D:7      | Got the Catalogue of Snow
  9934 | D:8      | Noticed a cyclops
  9934 | D:8      | Noticed a freezing wraith
  9935 | D:8      | Found a runed translucent door.
  9937 | D:8      | Noticed a centaur warrior
  9937 | D:8      | Noticed a centaur warrior
  9937 | D:8      | Noticed a tengu warrior
  9937 | D:8      | Noticed a green ugly thing
  9937 | D:8      | Noticed a boulder beetle
 10099 | D:8      | Reached skill level 5 in Dodging
 10146 | D:8      | Reached skill level 8 in Stealth
 10193 | D:8      | Found a hazy altar of Hepliaklqana.
 10568 | D:8      | Gained mutation: You cannot train Armour skill. [Ru
                  | sacrifice]
 10568 | D:8      | Reached **** piety under Ru
 10568 | D:8      | Reached ***** piety under Ru
 10834 | D:9      | Noticed a troll
 11097 | D:9      | Reached XP level 10. HP: 40/44 MP: 20/20
 11514 | D:9      | Found a basalt altar of Yredelemnul.
 11514 | D:9      | Found a faded altar of an unknown god.
 11522 | D:9      | Found a shimmering altar of Xom.
 11524 | D:9      | Found a faded altar of an unknown god.
 11526 | D:9      | Found a blossoming altar of Fedhas.
 11606 | D:9      | Noticed a two-headed ogre
 11716 | D:9      | Reached skill level 9 in Stealth
 11761 | D:9      | Learned a level 4 spell: Hailstorm
 11800 | D:9      | Found a staircase to the Orcish Mines.
 11998 | D:9      | Reached skill level 1 in Conjurations
 13075 | D:10     | Entered Level 10 of the Dungeon
 13158 | D:10     | Noticed om's ghost (novice MiFi)
 13158 | D:10     | Noticed a two-headed ogre
 13158 | D:10     | Identified the +7 great mace "Natarghi" {vorpal, rF- rCorr
                  | Int+5 Stlth+}
 13158 | D:10     | Noticed a two-headed ogre
 13159 | D:10     | Found a transporter.
 13159 | D:10     | Noticed a two-headed ogre
 13161 | D:10     | Noticed a two-headed ogre
 13188 | D:10     | Found a transporter.
 13345 | D:10     | Lost mutation: You are agile. (Dex +4, Int/Str-1) [Ru
                  | sacrifice]
 13345 | D:10     | Gained mutation: You are clumsy. (Dex -2) [Ru sacrifice]
 13428 | D:10     | Found a hide-covered altar of Uskayaw.
 13643 | D:10     | Noticed Sonja
 13648 | D:10     | Killed Sonja
 14105 | D:10     | Reached skill level 1 in Polearms
 14174 | D:11     | Noticed a death yak
 14174 | D:11     | Noticed a death yak
 14174 | D:11     | Noticed a death yak
 14174 | D:11     | Found a staircase to the Lair.
 14175 | D:11     | Noticed a manticore
 14258 | D:11     | Noticed a red ugly thing
 14361 | D:11     | Killed a death yak
 14362 | D:11     | Reached skill level 10 in Stealth
 14362 | D:11     | Reached XP level 11. HP: 18/47 MP: 7/23
 15047 | D:11     | Killed a death yak
 15060 | D:11     | Killed a death yak
 15168 | D:11     | Noticed a seven-headed hydra
 15185 | Lair:1   | Entered Level 1 of the Lair of Beasts
 15696 | Lair:1   | Noticed an eight-headed hydra
 15706 | Lair:1   | Killed an eight-headed hydra
 15707 | Lair:1   | Reached skill level 1 in Poison Magic
 16256 | Lair:2   | Reached skill level 11 in Stealth
 16506 | Lair:2   | Noticed a wolf spider
 16506 | Lair:2   | Noticed a wolf spider
 16517 | Lair:2   | Killed a wolf spider
 16517 | Lair:2   | Killed a wolf spider
 16518 | Lair:2   | Reached XP level 12. HP: 15/51 MP: 14/25
 16683 | Lair:2   | Found a staircase to the Snake Pit.
 16772 | Lair:2   | Gained mutation: You are dopey. (Int -2) [Ru sacrifice]
 16772 | Lair:2   | Reached ****** piety under Ru
 17116 | D:3      | Bought a scroll of teleportation for 39 gold pieces
 17116 | D:3      | Bought a scroll of blinking for 97 gold pieces
 17116 | D:3      | Bought a scroll of blinking for 97 gold pieces
 17116 | D:3      | Bought a scroll of fog for 26 gold pieces
 17163 | D:3      | Bought a scroll of enchant weapon for 105 gold pieces
 17163 | D:3      | Bought a scroll of blinking for 105 gold pieces
 17387 | Lair:2   | Reached skill level 5 in Conjurations
 17970 | Lair:2   | Found the +8 whip "Snakebite" {venom, curare, rPois}
 18229 | Lair:2   | Noticed a four-headed hydra
 18243 | Lair:2   | Killed a four-headed hydra
 18355 | Lair:2   | Learned a level 3 spell: Mephitic Cloud
 18431 | Lair:3   | Reached skill level 1 in Maces & Flails
 18447 | Lair:3   | Noticed a seven-headed hydra
 18456 | Lair:3   | Killed a seven-headed hydra
 18460 | Lair:3   | Reached skill level 1 in Air Magic
 19067 | Lair:3   | Found a staircase to the Swamp.
 19094 | Lair:3   | Reached skill level 12 in Stealth
 19484 | Lair:3   | Noticed a seven-headed hydra
 19499 | Lair:3   | Killed a seven-headed hydra
 19573 | Lair:3   | Reached XP level 13. HP: 55/55 MP: 27/27
 19660 | Lair:3   | Identified the +1 robe of the Arena {-Cast rCorr Str+5}
 20316 | Lair:3   | Reached skill level 5 in Poison Magic
 21658 | Lair:5   | Found a staircase to the Slime Pits.
 21833 | Lair:5   | Reached skill level 5 in Maces & Flails
 22210 | Lair:6   | Entered Level 6 of the Lair of Beasts
 22251 | Lair:6   | Demolished by a cane toad

Illustrated notes

Levels and vault maps discovered:
D:1:      lemuel_arrival_behind_the_door_small, layout_loops_corners,
          hex_medium, corner_web_ring
D:2:      layout_basic, serial_shops, nicolae_shop_competitors_out_of_business,
          minivault_27
D:3:      layout_basic, nicolae_ru_great_annihilating_truth,
          mainiacjoe_overflow_alcove_1, gammafunk_temple_overflow_wave,
          serial_shops, nicolae_lakefront_shop, nicolae_shop_statue_plus,
          nicolae_shop_window_shopping, hellmonk_ecumenical_altar_dog_temple,
          uniq_terence, uniq_crazy_yiuf_cottage
D:4:      layout_rooms, minmay_rat_hole, uniq_grinder
D:5:      layout_loops_corners, trog_ov_bears_minmay,
          minmay_temple_entry_slanted, ebering_ghost_reflecting_pool,
          grunt_ministairs_3
D:6:      layout_rooms, nicolae_elyvilon_peaceful_grove, serial_shops,
          nicolae_shop_crystal, uniq_sigmund
D:7:      layout_loops_ring, amcnicky_altar_gilded, uniq_duvessa
D:8:      minmay_gate_of_8, layout_loops_ring,
          mainiacjoe_overflow_concentric_impassable
D:9:      layout_layer_cave, chequers_temple_overflow_minitemple, david_orc_5
D:10:     layout_long_grid, nicolae_uskayaw_suspiria, gammafunk_ghost_smash,
          minmay_strange_pillars, hangedman_abyss_or_decor_stagger,
          kennysheep_cluttered_room, uniq_sonja
D:11:     layout_cave_pods, dpeg_lair_monsters, dreamdust_wishing_well
Lair:1:   layout_chaotic_city, serial_forest, infiniplex_forest_lined_room_,
          infiniplex_forest_straight_4, infiniplex_forest_clump_diagonal,
          infiniplex_forest_corner_2, infiniplex_forest_zigzag_1,
          infiniplex_staircase_pool_2
Lair:2:   minmay_guarded_unrand_snakebite, layout_regular_city,
          minmay_snake_entry_guardpost_small, nicolae_volcano_entry_vermiform,
          chequers_serial_rivers_small_3, nicolae_lair_run_with_the_wolves
Lair:3:   layout_cave_pods, minmay_swamp_entry_swarm,
          chequers_serial_rivers_large_b
Lair:4:   layout_gridlike, lookout_lair_type, grunt_megastairs_5
Lair:5:   layout_gridlike, nicolae_slime_entry_slimehenge
Lair:6:   hangedman_lair_tendril_chambers, layout_misc_corridors, minivault_26,
          dreamdust_gnoll_shepherd

Skill      XL: |  1  2  3  4  5  6  7  8  9 10 11 12 13 |
---------------+----------------------------------------+-----
Stealth        | 3 4 5 6 7 8 10 11 12 | 12.8
Dodging        | 2 3 4 5 6 7 8 |  8.4
Spellcasting   | 3 4 5 6 7 8 9 |  9.0
Ice Magic      | 5 6 7 8 9 |  9.7
Short Blades   | 1 2 |  2.7
Shields        | 2 3 4 |  4.0
Conjurations   | 2 4 6 |  6.9
Polearms       | 2 4 |  4.6
Poison Magic   | 2 4 5 |  5.7
Maces & Flails | 3 5 |  5.5
Air Magic      | 2 4 |  4.0

Action                   |  1- 3 |  4- 6 |  7- 9 | 10-12 | 13-15 || total
-------------------------+-------+-------+-------+-------+-------++-------
Melee: Unarmed           |    23 |       |       |       |       ||    23
       Bite              |    26 |    47 |    98 |   144 |    46 ||   361
       Short sword       |    71 |   164 |   254 |       |       ||   489
       Punch             |     2 |       |     1 |       |       ||     3
       Kick              |       |       |    36 |    27 |       ||    63
       Spear             |       |       |    82 |   337 |       ||   419
       Dagger            |       |       |       |     8 |       ||     8
       Whip              |       |       |       |   105 |   161 ||   266
Throw: Dart              |       |       |     4 |     4 |       ||     8
 Cast: Freeze            |    11 |    10 |     1 |     3 |       ||    25
       Frozen Ramparts   |       |       |     5 |    23 |     8 ||    36
       Ozocubu's Armour  |       |       |     2 |     8 |     1 ||    11
Invok: Sacrifice Artific |       |     1 |       |       |       ||     1
       Sacrifice Health  |       |       |     1 |       |       ||     1
       Draw Out Power    |       |       |     1 |       |       ||     1
       Sacrifice Durabil |       |       |     1 |       |       ||     1
       Power Leap        |       |       |       |     2 |       ||     2
       Sacrifice Purity  |       |       |       |     2 |       ||     2
       Apocalypse        |       |       |       |     1 |     1 ||     2
Evoke: Wand              |       |     1 |       |       |       ||     1
  Use: Scroll            |       |     3 |     4 |     3 |       ||    10
       Potion            |       |     1 |     8 |     3 |     1 ||    13
 Stab: Sleeping          |    10 |    12 |    16 |    20 |     6 ||    64
       Invisible         |       |       |     4 |       |       ||     4
       Distracted        |       |       |     2 |     5 |     1 ||     8
       Paralysed         |       |       |       |     3 |     2 ||     5
Armor: Robe              |    18 |    31 |    66 |    21 |       ||   136
       Leather armour    |       |       |       |    57 |    22 ||    79
Dodge: Dodged            |    56 |   112 |   148 |   120 |    44 ||   480
Block: Buckler           |       |       |    87 |   255 |    66 ||   408
       Reflection        |       |       |       |     2 |     3 ||     5

Table legend: (Time is in decaauts)
 A = Elapsed time spent in this place.
 B = Non-inter-level travel time spent in this place.
 C = Inter-level travel time spent in this place.
 D = Time resting spent in this place.
 E = Time spent auto-exploring this place.
 F = Levels seen in this place.
 G = Mean time per level.
                   A        B        C        D        E       F      G
               +--------+--------+--------+--------+--------+-----+--------+
         Total |  22358 |  21344 |   1014 |   6348 |  10959 |  17 | 1315.2 |
       Dungeon |  15655 |  14788 |    867 |   4386 |   7566 |  11 | 1423.2 |
          Lair |   6702 |   6555 |    147 |   1962 |   3393 |   6 | 1117.0 |
               +--------+--------+--------+--------+--------+-----+--------+

Top non-repeatable levels by time:
     D:1: 2399 daAuts
     D:9: 2057 daAuts
  Lair:3: 1969 daAuts
  Lair:2: 1825 daAuts
     D:3: 1674 daAuts
     D:5: 1443 daAuts
     D:4: 1337 daAuts
     D:8: 1330 daAuts
     D:7: 1306 daAuts
    D:10: 1176 daAuts
     D:2: 1154 daAuts
  Lair:4: 1102 daAuts
  Lair:1: 1040 daAuts
    D:11: 1007 daAuts
     D:6: 766 daAuts
